 Dungeon Crawl Stone Soup version 0.29-a0-668-g12ee2bf84d (webtiles) character file.

Game seed: 13215523478528759013

47 moldycheese5 the Conjurer (level 3, -4/19 HPs)
             Began as a Deep Elf Conjurer on June 23, 2022.
             Killed by nerve-wracking pain
             ... invoked by Jessica
              (14 damage)
             ... on level 2 of the Dungeon.
             The game lasted 00:01:08 (825 turns).

moldycheese5 the Conjurer (Deep Elf Conjurer)        Turns: 825, Time: 00:01:08

Health: -4/19      AC:  2    Str:  6    XL:     3   Next: 48%
Magic:  0/9        EV: 12    Int: 22    God:
Gold:   26         SH:  0    Dex: 13    Spells: 7/8 levels left

rFire   . . .      SeeInvis .   (no weapon)
rCold   . . .      Faith    .   (no shield)
rNeg    . . .      Spirit   .   a - +0 robe
rPois   .          Reflect  .   (no helmet)
rElec   .          Harm     .   (no cloak)
rCorr   .          Rampage  .   (no gloves)
Will    .....                   (no boots)
Stlth   ++........              (no amulet)
HPRegen 0.06/turn               (no ring)
MPRegen 0.11/turn               (no ring)

@: no status effects
A: no striking features
a: no special abilities


You were on level 2 of the Dungeon.
You visited 1 branch of the dungeon, and saw 2 of its levels.

You collected 26 gold pieces.

Inventory:

Armour
 a - a +0 robe (worn)
Scrolls
 d - a scroll of fear {unknown}
 f - a scroll of identify {unknown}
Potions
 b - a potion of magic
 c - a potion of brilliance {unknown}
 e - a potion of ambrosia {unknown}


   Skills:
 + Level 2.5 Dodging
 + Level 2.6 Stealth
 + Level 3.4 Spellcasting
 + Level 5.5 Conjurations


You had 7 spell levels left.
You knew the following spells:

 Your Spells              Type           Power      Damage    Failure   Level
a - Magic Dart            Conj           100%       1d8       1%          1

Your spell library contained the following spells:

 Spells                   Type           Power      Damage    Failure   Level
 Searing Ray              Conj           56%        2d6       1%          2
 Dazzling Flash           Conj/Hex       30%        N/A       12%         3
 Fulminant Prism          Conj/Hex       7%         3d7       36%         4
 Iskenderun's Mystic Bla  Conj/Tloc      15%        2d5       36%         4


Dungeon Overview and Level Annotations

Branches:
Dungeon (2/15)

Altars:

Annotations:
D:2 Jessica


Message History

The magic dart hits the adder.
The adder is moderately wounded.
The magic dart hits the adder.
The adder is moderately wounded.
A giant cockroach comes into view.
The magic dart hits the adder.
The adder is heavily wounded.
Jessica the Apprentice Sorceress comes into view.
She is wielding a +2 spectral club.
The magic dart hits the adder but does no damage.
The adder is heavily wounded.
Jessica shouts!
The adder closely misses you.
The magic dart hits the adder.
The adder is almost dead.
The adder barely misses you.
The magic dart hits the adder.
You kill the adder!
The magic dart hits the giant cockroach.
The giant cockroach is heavily wounded.
The magic dart hits the giant cockroach.
You kill the giant cockroach!
The magic dart hits Jessica.
Jessica is moderately wounded.
The magic dart hits Jessica.
Jessica is heavily wounded.
Jessica grins evilly.
Jessica barely misses you.
You are out of magic!
You are out of magic!
You are out of magic!
You are out of magic!
You hit Jessica but do no damage.
Jessica is heavily wounded.
Jessica hits you with a +2 spectral club!
You hit Jessica.
Jessica is heavily wounded.
Jessica points at you and mumbles some strange words.
Pain shoots through your body!
Ouch! That really hurt!
You die...

######### #........
###############....#
#......<...........#
..#############....#
.## #.@..# ## ##@###
#.. ##.# .# .# .# ..


You could see Jessica.

Vanquished Creatures
  An adder (D:2)
  2 bats (D:1)
  5 endoplasms
  3 giant cockroaches
  3 hobgoblins (D:1)
  4 jackals (D:1)
  3 kobolds (D:1)
  2 quokkas
  4 ball pythons
  3 frilled lizards
  A goblin (D:1)
  2 rats
33 creatures vanquished.

Notes
Turn   | Place    | Note
-------+----------+-------------------------------------------
     0 | D:1      | moldycheese5 the Deep Elf Conjurer began the quest for the
                  | Orb.
     0 | D:1      | Reached XP level 1. HP: 10/10 MP: 6/6
   195 | D:1      | Reached XP level 2. HP: 15/15 MP: 6/8
   299 | D:1      | Reached skill level 5 in Conjurations
   564 | D:1      | You fall into a shaft and drop 1 floor!
   600 | D:2      | Reached XP level 3. HP: 19/19 MP: 7/9
   816 | D:2      | Noticed Jessica
   825 | D:2      | Killed from afar by Jessica

Illustrated notes

Levels and vault maps discovered:
D:1:      erik_arrival_blinker_ship, layout_loops_ring
D:2:      minmay_inner_zag, layout_rooms, basic_altar,
          shapermc_ecumenical_altar_venn, uniq_jessica, uniq_crazy_yiuf_cottage,
          uniq_terence

Skill      XL: |  1  2 |
---------------+-------+-----
Conjurations   | 5 |  5.5
Dodging        | |  2.5
Stealth        | |  2.6
Spellcasting   | |  3.4

Action                   || total
-------------------------++-------
Melee: Unarmed           ||     2
 Cast: Magic Dart        ||    56
Armor: Robe              ||     1
Dodge: Dodged            ||     6

Table legend: (Time is in decaauts)
 A = Elapsed time spent in this place.
 B = Non-inter-level travel time spent in this place.
 C = Inter-level travel time spent in this place.
 D = Time resting spent in this place.
 E = Time spent auto-exploring this place.
 F = Levels seen in this place.
 G = Mean time per level.
                   A        B        C        D        E       F      G
               +--------+--------+--------+--------+--------+-----+--------+
         Total |    824 |    824 |      0 |      0 |    721 |   2 |  412.0 |
       Dungeon |    824 |    824 |      0 |      0 |    721 |   2 |  412.0 |
               +--------+--------+--------+--------+--------+-----+--------+

Top non-repeatable levels by time:
     D:1: 564 daAuts
     D:2: 260 daAuts
